 Dungeon Crawl Stone Soup version 0.31.0-9-g3a7656b989 (webtiles) character file.

Game seed: 9229411993471141495

121 qw the Ducker (level 4, -12/23 HPs)
             Began as a Spriggan Hunter on Feb 2, 2024.
             Mangled by Edmund
             ... wielding a +2 flail of holy wrath
              (13 damage)
             ... on level 3 of the Dungeon.
             The game lasted 00:00:10 (1862 turns).

qw the Ducker (Spriggan Hunter)                     Turns: 1862, Time: 00:00:10

Health: -12/23     AC:  2    Str:  7    XL:     4   Next: 77%
Magic:  5/5        EV: 20    Int: 10    God:
Gold:   137        SH:  0    Dex: 20    Spells: 3/3 levels left

rFire   . . .        a - +1 shortbow
rCold   . . .        (shield currently unavailable)
rNeg    . . .        c - +0 robe
rPois   .            (helmet restricted)
rElec   .            (no cloak)
rCorr   .            (gloves unavailable)
SInv    +            (boots unavailable)
Will    .....        (no amulet)
Stlth   ++           (no ring)
HPRegen 0.23/turn    (no ring)
MPRegen 0.09/turn

%: no passive effects
@: about to teleport, very quick
A: very small, no large weapons, unfitting armour, see invisible, speed 3
a: no special abilities


You were on level 3 of the Dungeon.
You visited 1 branch of the dungeon, and saw 4 of its levels.

You collected 137 gold pieces.


Innate Abilities, Weirdness & Mutations

You are very small and have problems with some larger weapons.
You are too small for most types of armour.
You have supernaturally acute eyesight. (SInv)
You cover ground extremely quickly. (Speed+++)


   Skills:
 + Level 1.9 Fighting
 - Level 5.0 Ranged Weapons
 - Level 5.1 Dodging
 - Level 1.5 Stealth


You had 3 spell levels left.
You didn't know any spells.
Your spell library was empty.

Inventory:

Hand Weapons
 a - a +1 shortbow (weapon)
Armour
 c - a +0 robe (worn)
Potions
 d - a potion of heal wounds {unknown}
 e - a potion of mutation {unknown}
 f - a potion of lignification {unknown}
 g - a potion of curing {unknown}
 l - a potion of degeneration {unknown}

Dungeon Overview and Level Annotations

Branches:
Dungeon (4/15)
 Temple: D:4-7

Altars:

Shops:
D:2 [

Annotations:
D:3 Edmund


Message History

The adder zombie is severely damaged.
The adder zombie completely misses you.
1852 ||| STAIRDANCE The scorpion zombie closely misses you.
Edmund completely misses you. The adder zombie closely misses you.
You climb upwards.
There is a stone staircase leading down here.
You see here a rat skeleton.
You shoot an arrow. The arrow hits Edmund.
Edmund is lightly wounded.
Edmund hits you with a +2 flail of holy wrath!
Ouch! That really hurt!
You shoot an arrow. The arrow barely misses Edmund.
Edmund completely misses you. Edmund closely misses you.
You shoot an arrow. The arrow hits Edmund.
Edmund is moderately wounded.
Edmund misses you.
You shoot an arrow. The arrow hits Edmund.
Edmund is moderately wounded.
Edmund misses you.
You shoot an arrow. The arrow closely misses Edmund.
Edmund completely misses you.
You shoot an arrow. The arrow hits Edmund.
Edmund is heavily wounded.
Edmund closely misses you.
You shoot an arrow.
The arrow hits Edmund but does no damage.
Edmund is heavily wounded.
Edmund misses you.
You shoot an arrow. The arrow hits Edmund.
Edmund is heavily wounded.
Edmund misses you.
Edmund hits you with a +2 flail of holy wrath!
1862 ||| READING scroll of teleportation.
As you read the scroll of teleportation, it crumbles to dust.
You feel strangely unstable.
Edmund hits you with a +2 flail of holy wrath!
Ouch! That really hurt!
You die...
Edmund says, "That'll show my brother!"

###### #....# #....#
#....# #########....#
## ##.........@..#
.#####.)#######@...#
....##.## #....=...#
.##.##.# 7777###.##
###....#77777777#..#
.......7~~~77~~77#.##
..###.~7~~~~~~~~~7..#
....~~7~P~~~~..~....#
#...~~P~............#


You could see Edmund.

Vanquished Creatures
  An orc wizard (D:3)
  An adder (D:2)
  4 dart slugs (D:1)
  A ribbon worm (D:2)
  4 orcs (D:3)
  7 ball pythons
  6 bats
  3 endoplasms
  4 giant cockroaches
  4 goblins
  9 hobgoblins
  A jackal (D:4)
  9 kobolds
  3 quokkas
  5 frilled lizards
  10 rats
72 creatures vanquished.

Notes
Turn   | Place    | Note
-------+----------+-------------------------------------------
     0 | D:1      | qw the Spriggan Hunter began the quest for the Orb.
     0 | D:1      | Reached XP level 1. HP: 10/10 MP: 2/2
     0 | D:1      | 0 ||| qw: Version: 0.3-a-155-g5e7d8dd
     0 | D:1      | 0 ||| qw: Game counter: 1168
     0 | D:1      | 0 ||| qw: Melee chars always use a shield: true
     0 | D:1      | 0 ||| qw: God list: Okawaru
     0 | D:1      | 0 ||| qw: Allow faded altars: false
     0 | D:1      | 0 ||| qw: Do Orc after clearing Dungeon:15 true
     0 | D:1      | 0 ||| qw: Do second Lair branch before Depths: true
     0 | D:1      | 0 ||| qw: Lair rune preference: random
     0 | D:1      | 0 ||| qw: Goals: Normal
     0 | D:1      | 0 ||| PLANNING D:1-11
    21 | D:1      | Reached skill level 3 in Dodging
    26 | D:1      | You fall into a shaft and drop 1 floor!
    38 | D:2      | 38 ||| DROPPING scroll of butterflies.
    40 | D:2      | Found Havoamyq's Armour Shoppe.
    88 | D:1      | Reached XP level 2. HP: 14/14 MP: 3/3
   499 | D:1      | Reached XP level 3. HP: 18/18 MP: 4/4
   592 | D:1      | 592 ||| READING scroll labelled OGUNKE IWOCK.
   593 | D:1      | 593 ||| READING scroll labelled BURAALL IZUMP.
   593 | D:1      | 593 ||| ENCHANTING +0 shortbow.
   594 | D:1      | 594 ||| READING scroll labelled NILABI NETSIER.
   595 | D:1      | 595 ||| READING scroll labelled TIURUGO ROESE.
   663 | D:2      | 663 ||| SHOPLISTING +2 robe of willpower (212 gold, have
                  | 62).
  1226 | D:2      | Found a faded altar of an unknown god.
  1251 | D:2      | Reached XP level 4. HP: 22/22 MP: 5/5
  1301 | D:2      | 1301 ||| READING scroll labelled CATOTW JOEN.
  1301 | D:2      | 1301 ||| IDENTIFYING pink potion
  1302 | D:2      | 1302 ||| READING scroll labelled MUF LULYIPH.
  1305 | D:2      | 1305 ||| DROPPING potion of attraction.
  1721 | D:3      | 1721 ||| DROPPING amulet of magic regeneration.
  1722 | D:3      | 1722 ||| DROPPING +6 ring of intelligence.
  1723 | D:3      | 1723 ||| READING scroll labelled CAPLUYSHUBB.
  1724 | D:3      | 1724 ||| READING scroll labelled VOAJOH OCWEYTU.
  1726 | D:3      | 1726 ||| Stepping ~*~*~tactically~*~*~ (cloud).
  1732 | D:3      | HP: 5/23 [poisoned by you (poison gas)]
  1736 | D:3      | HP: 2/23 [poisoned by you (poison gas)]
  1847 | D:4      | Noticed Edmund
  1852 | D:4      | 1852 ||| STAIRDANCE
  1861 | D:3      | HP: 1/23 [Edmund/+2 flail of holy wrath (8)]
  1862 | D:3      | 1862 ||| READING scroll of teleportation.
  1862 | D:3      | Mangled by Edmund

Levels and vault maps discovered:
D:1:      dpeg_arrival_chambers_temple_mockup, layout_basic,
          grunt_decor_clamped, minivault_14, minivault_23
D:2:      layout_loops_ring, serial_shops, shop,
          shapermc_ecumenical_altar_acropolis
D:3:      layout_rooms, st_stairs_2, serial_bayou_ford_a
D:4:      layout_gridville, mainiacjoe_overflow_chevrons, serial_undead,
          serial_undead_a, serial_undead_a, serial_undead_e, serial_undead_c,
          serial_undead_c, serial_undead_d, serial_undead_f, serial_undead_a,
          corexii_shack, minmay_shop_grid_forest, uniq_robin, uniq_edmund,
          uniq_sigmund, uniq_grinder, uniq_crazy_yiuf_cottage

Skill      XL: |  1  2  3  4 |
---------------+-------------+-----
Dodging        | 3 4 5 |  5.1
Ranged Weapons | 5 |  5.0
Fighting       | |  1.9
Stealth        | |  1.5

Action                     |  1- 3 |  4- 6 || total
---------------------------+-------+-------++-------
   Fire: Shortbow          |    92 |    66 ||   158
    Use: Scroll            |     4 |     5 ||     9
 Armour: Robe              |     6 |     3 ||     9
  Dodge: Dodged            |    12 |    14 ||    26

Table legend:
 A = Non-vault XP
 B = Vault XP
 C = Vault XP percentage of total XP
 D = Non-vault monster count
 E = Vault monster count
 F = Vault count percentage of total count
                 A         B        C        D         E       F
            +---------+---------+-------+---------+---------+-------
      Total |     172 |       2 |   1.1 |      70 |       2 |   2.8
            +---------+---------+-------+---------+---------+-------
        D:1 |      45 |       0 |   0.0 |      22 |       0 |   0.0
        D:2 |      53 |       0 |   0.0 |      24 |       0 |   0.0
        D:3 |      72 |       2 |   2.7 |      23 |       2 |   8.0
        D:4 |       2 |       0 |   0.0 |       1 |       0 |   0.0
            +---------+---------+-------+---------+---------+-------
